 Dungeon Crawl Stone Soup version 0.31.0-12-g77e489cdc1 (webtiles) character file.

Game seed: 4414235754939358256

2 spaghetti the Caller (level 1, 0/15 HPs)
             Began as a Naga Summoner on Feb 22, 2024.
             Slain by a bat (1 damage)
             ... on level 1 of the Dungeon.
             The game lasted 00:00:11 (67 turns).

spaghetti the Caller (Naga Summoner)                  Turns: 67, Time: 00:00:12

Health: 0/15       AC:  1    Str: 10    XL:     1   Next: 30%
Magic:  1/3        EV:  9    Int: 15    God:
Gold:   0          SH:  0    Dex: 11    Spells: 3/4 levels left

rFire   . . .        (no weapon)
rCold   . . .        (no shield)
rNeg    . . .        a - +0 robe
rPois   +            (no helmet)
rElec   .            (no cloak)
rCorr   .            (no gloves)
SInv    +            (no barding)
Will    .....        (no amulet)
Stlth   ++           (no ring)
HPRegen 0.22/turn    (no ring)
MPRegen 0.08/turn

%: no passive effects
@: very slow
A: AC +0, large, see invisible, deformed body, poison resistance, slowness 2,
spit poison 1, naga tail 1
a: Spit Poison


You were on level 1 of the Dungeon.
You visited 1 branch of the dungeon, and saw 1 of its levels.

Inventory:

Armour
 a - a +0 robe (worn)
Potions
 b - a potion of magic


   Skills:
 - Level 1.5 Dodging
 - Level 3.0 Stealth
 - Level 2.0 Spellcasting
 + Level 4.1 Summonings


You had 3 spell levels left.
You knew the following spells:

 Your Spells              Type           Power      Damage    Failure   Level
a - Summon Small Mammal   Summ           52%        N/A       4%          1

Your spell library contained the following spells:

 Spells                   Type           Power      Damage    Failure   Level
 Call Imp                 Summ           26%        N/A       6%          2
 Call Canine Familiar     Summ           13%        N/A       12%         3
 Summon Blazeheart Golem  Fire/Summ      7%         N/A       67%         4
 Summon Lightning Spire   Summ/Air       7%         N/A       67%         4


Dungeon Overview and Level Annotations

Branches:
Dungeon (1/15)

Altars:


Innate Abilities, Weirdness & Mutations

Your serpentine skin is tough. (AC +0)
You have supernaturally acute eyesight. (SInv)
Armour fits poorly on your strangely shaped body.
Your system is resistant to poisons. (rPois)
You cover ground very slowly.
You can spit poison.
You have a snake-like lower body.


Message History

Confirm with . or Enter, or press ? or * to list all spells.
The bat hits you but does no damage.
The frilled lizard bites your rat but does no damage.
The kobold closely misses you. The bat hits you.
Casting: Summon Small Mammal (safe; 4% risk of failure)
Confirm with . or Enter, or press ? or * to list all spells.
The bat hits you.
A hobgoblin comes into view.
The frilled lizard bites your rat. The kobold barely misses you.
Your rat misses the frilled lizard. You hit the bat.
The bat is severely wounded.
The bat hits you but does no damage.
The kobold hits you with a +0 short sword.
The quokka barely misses your rat.
Your rat barely misses the kobold.
Your rat closely misses the frilled lizard.
Unknown command.
The bat hits you but does no damage. The quokka bites your rat.
Your rat dies!
Your rat's corpse disappears in a puff of smoke!
The frilled lizard bites you. The goblin barely misses you.
The kobold misses you. The bat barely misses you.
Your rat bites the frilled lizard.
The frilled lizard attacks as it pursues you!
The frilled lizard barely misses you.
A frilled lizard comes into view.
The bat misses you.
Your rat closely misses the kobold.
The goblin hits you with a +0 dagger.
* * * LOW HITPOINT WARNING * * *
The frilled lizard bites you.
* * * LOW HITPOINT WARNING * * *
The bat hits you but does no damage. The hobgoblin hits your rat.
Your rat dies!
Your rat's corpse disappears in a puff of smoke!
The bat barely misses you. The goblin attacks as it pursues you!
The goblin hits you but does no damage. The quokka bites you.
* * * LOW HITPOINT WARNING * * *
The bat closely misses you. The bat hits you.
You die...

#.## ~≈≈~~ ##..## #<.###
~≈~ ###....#
#....###~###......#
##.....#'#.....##.######
##...........###......#
###.......###
#.)....#### ###...###
#.......... ##+##
####.......... #
##..@..........
.S##..gbr.........
#.....Kl..........
###...............
#......lg.......
#.!........#....
#..........#....
##........##
#..!......(...


You could see a quokka, a hobgoblin, a goblin, a bat, a kobold and 2 frilled
lizards.

Vanquished Creatures
  A goblin (D:1)
1 creature vanquished.

Vanquished Creatures (collateral kills)
  A frilled lizard (D:1)
1 creature vanquished.

Grand Total: 2 creatures vanquished

Notes
Turn   | Place    | Note
-------+----------+-------------------------------------------
     0 | D:1      | spaghetti the Naga Summoner began the quest for the Orb.
     0 | D:1      | Reached XP level 1. HP: 15/15 MP: 3/3
    67 | D:1      | Slain by a bat

Illustrated notes

Levels and vault maps discovered:
D:1:      evilmike_arrival_crescent, layout_rooms,
          dilly_ecumenical_altar_fadedgnrine

Action                     || total
---------------------------++-------
  Melee: Unarmed           ||     3
   Cast: Summon Small Mamm ||     4
 Armour: Robe              ||    18
  Dodge: Dodged            ||    10
